 Dungeon Crawl Stone Soup version 0.32-a0-933-ga8fa3634e4 (webtiles) character file.

Game seed: 8446006733393242003

373 smashvw the Shooter (level 6, -2/56 HPs)
             Began as a Minotaur Hunter on Apr 14, 2024.
             Slain by a lemure (10 damage)
             ... led by Pikel
             ... on level 4 of the Dungeon.
             The game lasted 00:08:05 (2911 turns).

smashvw the Shooter (Minotaur Hunter)               Turns: 2911, Time: 00:08:06

Health: -2/56      AC: -4    Str: 16    XL:     6   Next: 43%
Magic:  5/5        EV: 13    Int:  6    God:
Gold:   185        SH:  0    Dex: 15    Spells: 5/5 levels left

rFire   . . .        a - +0 shortbow
rCold   . . .        (shield currently unavailable)
rNeg    . . .        h - +2 robe
rPois   .            (helmet restricted)
rElec   .            (no cloak)
rCorr   .            (no gloves)
SInv    .            (no boots)
Will    .....        (no amulet)
Stlth   ++           (no ring)
HPRegen 0.29/turn    (no ring)
MPRegen 0.09/turn

%: no passive effects
@: corroded, invisible
A: horns 2, retaliatory headbutt
a: no special abilities


You were on level 4 of the Dungeon.
You visited 1 branch of the dungeon, and saw 4 of its levels.

You collected 185 gold pieces.

Inventory:

Hand Weapons
 a - a +0 shortbow (weapon)
Missiles
 q - a throwing net
Armour
 c - a +0 leather armour
 h - a +2 robe (worn)
Scrolls
 b - a scroll of butterflies
 f - a scroll of enchant weapon {unknown}
 i - 3 scrolls of identify {unknown}
 k - 2 scrolls of teleportation {unknown}
 l - a scroll of revelation {unknown}
 o - a scroll of amnesia {unknown}
 s - a scroll of noise {unknown}
Potions
 d - 2 potions of mutation {unknown}
 e - a potion of invisibility
 g - 2 potions of brilliance {unknown}
 j - a potion of berserk rage {unknown}
 m - 2 potions of curing
 n - a potion of resistance {unknown}
 p - 2 potions of might {unknown}
 r - 2 potions of lignification {unknown}
 t - a potion of haste {unknown}


   Skills:
 - Level 5.0 Fighting
 + Level 5.9 Ranged Weapons
 + Level 4.4 Dodging
 - Level 2.0 Stealth


You had 5 spell levels left.
You didn't know any spells.
Your spell library contained the following spells:

 Spells                   Type           Power      Damage    Failure   Level
 Sculpt Simulacrum        Ice/Alch       0%         N/A       100%        6
 Ozocubu's Refrigeration  Ice            0%         4d7       100%        7
 Polar Vortex             Ice            0%         N/A       100%        9


Dungeon Overview and Level Annotations

Branches:
Dungeon (4/15)
 Temple: D:4-7

Altars:
Gozag
Sif Muna

Shops:
D:3 ![!


Innate Abilities, Weirdness & Mutations

You have a pair of horns on your head.
You reflexively headbutt those who attack you in melee.


Message History

The arrow hits the lemure but does no damage.
The lemure is lightly wounded.
The jelly hits you.
You are splashed with acid.
Fire: a) +0 shortbow
Press: ? - help, Q - select action, (/) - cycle Shift-Dir - straight line, f/p - jelly
Aim: a jelly (almost dead, 90% to hit)
You shoot an arrow.
The arrow hits the jelly but does no damage.
The jelly is almost dead.
The jelly barely misses you.
Fire: a) +0 shortbow
Press: ? - help, Q - select action, (/) - cycle Shift-Dir - straight line, f/p - jelly
Aim: a jelly (almost dead, 90% to hit)
You shoot an arrow.
The arrow hits the jelly but does no damage.
The jelly is almost dead.
The jelly hits you.
You are splashed with acid!
* * * LOW HITPOINT WARNING * * *
Fire: a) +0 shortbow
Press: ? - help, Q - select action, (/) - cycle Shift-Dir - straight line, f/p - jelly
Aim: a jelly (almost dead, 90% to hit)
You shoot an arrow. The arrow hits the jelly.
You kill the jelly!
The lemure barely misses you. You furiously retaliate!
You headbutt the lemure.
It was a potion of curing.
You feel better. The lemure closely misses you.
It was a potion of invisibility.
You fade into invisibility!
The lemure hits you!
* * * LOW HITPOINT WARNING * * *
You shoot an arrow.
The arrow hits the lemure but does no damage.
The lemure is moderately wounded.
The lemure closely misses you.
You shoot an arrow. The arrow hits the lemure.
The lemure is moderately wounded.
The lemure barely misses you. You furiously retaliate!
You headbutt the lemure! You shoot an arrow.
The arrow barely misses the lemure.
The lemure closely misses you.
You shoot an arrow. The arrow barely misses the lemure.
The lemure hits you!
You die...

...#
#......#............###..
#.##
#....##.##.##.#####...##...
.## ##...##.##.##.#
#.......... #.#
#.#####.......# #..........
.# #.# ####.####
#.......... .#.# #.#
###...##... # ^.. ##.##
#####...###.. # ...
##...###.......# ##. #
##..@..##.......###.. ..
#...5...#.......##... ....
##..............##... ....
##...###.......##... ###. #
##.## #.......###(. #
###.####.# #.......###.#
......#.# ##########..#
#.##...# #.## # #......####
#.#


You could see a lemure (unable to see you).

Vanquished Creatures
  A scorpion (D:4)
  A jelly (D:4)
  Jessica (D:2)
  Natasha (twice) (D:2)
  Robin (D:2)
  2 adders (D:2)
  5 gnolls
  An adder zombie (D:2)
  4 ribbon worms (D:2)
  6 dart slugs
  10 ball pythons
  4 bats
  3 bat skeletons (D:2)
  A bat zombie (D:2)
  4 endoplasms
  3 giant cockroaches
  10 goblins
  12 hobgoblins
  10 kobolds
  7 quokkas
  3 ball python skeletons (D:2)
  3 ball python zombies (D:2)
  6 frilled lizards
  A quokka skeleton (D:2)
  8 rats
109 creatures vanquished.

Notes
Turn   | Place    | Note
-------+----------+-------------------------------------------
     0 | D:1      | smashvw the Minotaur Hunter began the quest for the Orb.
     0 | D:1      | Reached XP level 1. HP: 18/18 MP: 0/0
    58 | D:1      | You fall into a shaft and drop 1 floor!
    96 | D:2      | Reached XP level 2. HP: 25/25 MP: 1/1
   129 | D:2      | Found a shimmering blue altar of Sif Muna.
   201 | D:2      | Noticed Jessica
   210 | D:2      | Killed Jessica
   211 | D:2      | Reached XP level 3. HP: 13/31 MP: 2/2
   437 | D:2      | Reached skill level 5 in Ranged Weapons
   458 | D:2      | Reached XP level 4. HP: 40/40 MP: 3/3
   458 | D:2      | Noticed Robin
   471 | D:2      | Killed Robin
   687 | D:2      | Noticed Natasha
   690 | D:2      | Killed Natasha
   691 | D:2      | Reached skill level 1 in Stealth
   871 | D:1      | Reached XP level 5. HP: 46/46 MP: 4/4
  1702 | D:2      | Noticed Natasha
  1706 | D:2      | Killed Natasha
  1720 | D:2      | Found a faded altar of an unknown god.
  2132 | D:3      | Reached XP level 6. HP: 38/53 MP: 5/5
  2189 | D:3      | Found Dycyqem's Distillery.
  2273 | D:3      | Found Afoque's Distillery.
  2334 | D:3      | Found Tofifrorph's Armour Shop.
  2501 | D:3      | Found an opulent altar of Gozag.
  2641 | D:4      | Reached skill level 5 in Fighting
  2911 | D:4      | Slain by a lemure

Illustrated notes

Levels and vault maps discovered:
D:1:      lightli_arrival_flooded_house, layout_loops_cross
D:2:      wad_river_or_something, layout_basic, basic_altar,
          hellmonk_ecumenical_altar_heavens_door, serial_undead,
          serial_undead_b, serial_undead_b, serial_undead_d, serial_undead_f,
          serial_undead_e, serial_undead_e, uniq_jessica, uniq_natasha,
          uniq_robin
D:3:      layout_basic, mainiacjoe_overflow_alcove_2, serial_shops,
          nicolae_shop_tiny_glass, shop, nicolae_shop_tiny_waterfront,
          dreamdust_wishing_well, grunt_ministairs_1
D:4:      layout_loops_cross, nzn_wu_jian_council_hall, uniq_pikel, uniq_ijyb

Skill      XL: |  1  2  3  4  5  6 |
---------------+-------------------+-----
Fighting       | 3 4 5 |  5.0
Dodging        | 3 4 |  4.4
Ranged Weapons | 5 |  5.9
Stealth        | 1 2 |  2.0

Action                     |  1- 3 |  4- 6 || total
---------------------------+-------+-------++-------
   Fire: Shortbow          |    86 |   261 ||   347
    Use: Potion            |       |     2 ||     2
 Armour: Leather armour    |     7 |       ||     7
         Robe              |     3 |    58 ||    61
  Dodge: Dodged            |    21 |    72 ||    93

Table legend: (Time is in decaauts)
 A = Elapsed time spent in this place.
 B = Non-inter-level travel time spent in this place.
 C = Inter-level travel time spent in this place.
 D = Time resting spent in this place.
 E = Time spent auto-exploring this place.
 F = Levels seen in this place.
 G = Mean time per level.
                   A        B        C        D        E       F      G
               +--------+--------+--------+--------+--------+-----+--------+
         Total |   2967 |   2876 |     91 |      0 |   2272 |   4 |  741.8 |
       Dungeon |   2967 |   2876 |     91 |      0 |   2272 |   4 |  741.8 |
               +--------+--------+--------+--------+--------+-----+--------+

Top non-repeatable levels by time:
     D:2: 1228 daAuts
     D:1: 800 daAuts
     D:3: 648 daAuts
     D:4: 290 daAuts
